 Dungeon Crawl Stone Soup version 0.30-a0-170-g85af917532 (webtiles) character file.

Game seed: 14568177078053430187

2196 qw the Cleaver (level 9, -3/55 HPs)
             Began as a Gargoyle Fighter on Sept 30, 2022.
             Was a Follower of Okawaru.
             Slain by Amaemon
             ... wielding a -2 demon whip of venom
              (8 damage)
             ... on level 8 of the Dungeon.
             The game lasted 00:02:52 (8221 turns).

qw the Cleaver (Gargoyle Fighter)                   Turns: 8221, Time: 00:02:52

Health: -3/55      AC: 27    Str: 24    XL:     9   Next: 34%
Magic:  12/12      EV:  8    Int:  9    God:    Okawaru [*.....]
Gold:   365        SH: 10    Dex:  9    Spells: 8/8 levels left

rFire   . . .      SeeInvis +    m - +1 war axe
rCold   . . .      Faith    .    c - +0 buckler
rNeg    + . .      Spirit   .    g - +0 plate armour
rPois   inf        Reflect  +    (no helmet)
rElec   +          Harm     .    l - +1 cloak
rCorr   .          Rampage  .    (no gloves)
Will    .....                    (no boots)
Stlth   ..........               h - amulet of reflection
HPRegen 0.18/turn                a - ring of see invisible
MPRegen 0.13/turn                o - +4 ring of protection

@: heroic
A: sickness immunity, AC +6, negative energy resistance 1, electricity
resistance, torment resistance 1, petrification resistance
a: Renounce Religion, Heroism


You were on level 8 of the Dungeon.
You worshipped Okawaru.
Okawaru was aware of your devotion.
You visited 2 branches of the dungeon, and saw 9 of its levels.

You collected 651 gold pieces.
You spent 286 gold pieces at shops.


Innate Abilities, Weirdness & Mutations

You are immune to sickness and miasma.
Your stone body is resilient. (AC +6)
You are immune to poison.
You resist negative energy. (rN+)
You are resistant to electric shocks. (rElec)
You are resistant to unholy torment.
You are immune to petrification.


   Skills:
 - Level 6.0(11.0) Fighting
 + Level 8.8(13.8) Axes
 - Level 1.4(6.4) Throwing
 - Level 5.3(10.3) Armour
 - Level 1.0(6.0) Dodging
 - Level 3.2(8.2) Shields
 - Level 4.2 Invocations


You had 8 spell levels left.
You didn't know any spells.
Your spell library was empty.

Inventory:

Hand Weapons
 m - a +1 war axe (weapon)
 u - a +0 hand axe of flaming
Missiles
 k - 3 boomerangs
 q - 3 silver boomerangs (quivered)
Armour
 c - a +0 buckler (worn)
 g - a +0 plate armour (worn)
 l - a +1 cloak (worn)
Jewellery
 a - a ring of see invisible (left hand)
 h - an amulet of reflection (around neck)
 n - a ring of fire
 o - a +4 ring of protection (right hand)
 v - an amulet of magic regeneration
 Y - a ring of positive energy
Scrolls
 i - a scroll of identify
 s - a scroll of acquirement {unknown}
 t - a scroll of fear {unknown}
Potions
 b - a potion of flight {unknown}
 d - 4 potions of might
 e - a potion of magic
 f - a potion of curing
 j - a potion of lignification
 p - a potion of haste
 r - a potion of mutation {unknown}

Dungeon Overview and Level Annotations

Branches:
Dungeon (8/15)             Temple (1/1) D:4
   Lair: D:8-11

Altars:
Ashenzari
Cheibriados
Dithmenos
Elyvilon
Fedhas
Gozag
Hepliaklqana
Kikubaaqudgha
Makhleb
Nemelex Xobeh
Okawaru
Qazlal
Trog
Uskayaw
Vehumet
Xom
Zin
The Shining One

Shops:
D:2 *[==:   D:5 *   D:8 (

Annotations:
D:7 2 transporters, qw's ghost, novice GrFi
D:8 Amaemon


Message History

You hit Amaemon.
Amaemon is severely wounded.
You hit the scorpion.
The orange demon no longer looks unusually toxic.
You block Amaemon's attack. x3
The orange demon stings you but does no damage.
The scorpion closely misses you.
You hit Amaemon but do no damage.
Amaemon is severely wounded.
You hit the scorpion. You block Amaemon's attack.
Amaemon claws you but does no damage. You block Amaemon's attack.
The orange demon stings you but does no damage.
You block the scorpion's attack.
You hit Amaemon.
Amaemon is severely wounded.
You slash the scorpion!
The scorpion stings you but does no damage.
Amaemon closely misses you. Amaemon claws you but does no damage.
Amaemon tail-slaps you but does no damage.
The orange demon stings you but does no damage.
You closely miss the scorpion.
The scorpion is almost dead.
You hit Amaemon but do no damage.
The scorpion stings you but does no damage.
You hit the scorpion.
You kill the scorpion!
The scorpion's corpse disappears in a puff of smoke!
You closely miss Amaemon. You block Amaemon's attack. x2
Amaemon tail-slaps you but does no damage.
The orange demon barely misses you.
You hit Amaemon.
Amaemon is severely wounded.
The orange demon barely misses you. You block Amaemon's attack.
Amaemon completely misses you. You block Amaemon's attack.
You barely miss Amaemon.
Amaemon is severely wounded.
Amaemon hits you but does no damage. Amaemon claws you!
You die...

.## ##..# .# #..#####.#
.# )# ##........# .#
#.###.########## #.###
#.....## #.. ....
##.....## #.##..#
#.......## #..#.#
#.........####..ยค.##.#
+.........'.....@64..#
#.........####....##.#
##.......## ##.#.#
##.....## #.#.# ##...##
#.#.# ##+# #.#.# #.#.#
#....


You could see Amaemon and an orange demon.

Vanquished Creatures
  A hornet (D:7)
  A steam dragon (D:7)
  A water moccasin (D:5)
  Pargi (D:3)
  A black bear (D:6)
  2 ogres
  A phantom (D:7)
  A kobold brigand (D:6)
  A gnoll sergeant (D:8)
  2 scorpions
  4 electric eels (D:6)
  A howler monkey (D:5)
  4 crimson imps (D:4)
  A hound (D:4)
  A jelly (D:6)
  2 orc priests
  A gnoll bouda (D:6)
  3 iguanas
  3 orc wizards
  20 gnolls
  10 adders
  4 river rats (D:4)
  A white imp (D:7)
  2 ufetubi
  2 worms (D:4)
  3 dart slugs
  10 orcs
  9 endoplasms
  A giant cockroach (D:3)
  10 goblins
  3 hobgoblins
  6 jackals
  4 quokkas
  7 ball pythons
  3 bats
  A frilled lizard (D:2)
  45 kobolds
  9 rats
182 creatures vanquished.

Vanquished Creatures (others)
  A plant (D:8)
1 creature vanquished.

Grand Total: 183 creatures vanquished

Notes
Turn   | Place    | Note
-------+----------+-------------------------------------------
     0 | D:1      | qw the Gargoyle Fighter began the quest for the Orb.
     0 | D:1      | Reached XP level 1. HP: 14/14 MP: 1/1
     0 | D:1      | 0 ||| qw: Version: 0.2-a-12-gaebbb33
     0 | D:1      | 0 ||| qw: Game counter: 1599
     0 | D:1      | 0 ||| qw: Always use a shield: true
     0 | D:1      | 0 ||| qw: God list: Okawaru
     0 | D:1      | 0 ||| qw: Allow faded altars: false
     0 | D:1      | 0 ||| qw: Do Orc after D:15 true
     0 | D:1      | 0 ||| qw: Do second Lair branch before Depths: true
     0 | D:1      | 0 ||| qw: Lair rune preference: random
     0 | D:1      | 0 ||| qw: Plans: Normal, Zot:1-4, God:TSO, Crypt, Tomb,
                  | Pan, Slime:5, Hells, Abyss, Orb
     0 | D:1      | 0 ||| PLANNING D:1-11
     1 | D:1      | Noticed an electric eel
   112 | D:1      | Reached skill level 2 in Axes
   156 | D:1      | Reached XP level 2. HP: 19/19 MP: 2/2
   844 | D:1      | 844 ||| READING scroll labelled LETUGH WAXAF.
   845 | D:1      | 845 ||| READING scroll labelled YLASUC LELIULL.
   931 | D:2      | 931 ||| DROPPING +0 club.
   973 | D:2      | Found Xoicuth's Assorted Antiques.
   980 | D:2      | 980 ||| SHOPLISTING coppery potion (18 gold, have 15).
   980 | D:2      | 980 ||| SHOPLISTING scroll labelled AMEGRE CUNIV (21 gold,
                  | have 15).
   980 | D:2      | 980 ||| SHOPLISTING scroll labelled BUSTIALEKE (21 gold,
                  | have 15).
   980 | D:2      | 980 ||| SHOPLISTING scroll labelled MUROFU QUDGHUTO (21
                  | gold, have 15).
  1019 | D:2      | Reached skill level 3 in Axes
  1019 | D:2      | Reached XP level 3. HP: 23/23 MP: 3/3
  1031 | D:2      | Found Gefinot's Book Emporium.
  1256 | D:2      | 1256 ||| Stepping ~*~*~tactically~*~*~ (hiding).
  1509 | D:2      | Found Ufego's Jewellery Shop.
  1510 | D:2      | Found Pusac's Antique Armour Shoppe.
  1512 | D:2      | 1512 ||| SHOPLISTING amulet of reflection (360 gold, have
                  | 52).
  1512 | D:2      | 1512 ||| SHOPLISTING amulet of the acrobat (360 gold, have
                  | 52).
  1512 | D:2      | 1512 ||| SHOPLISTING ring of protection from cold (300
                  | gold, have 52).
  1512 | D:2      | 1512 ||| SHOPLISTING ring of resist corrosion (240 gold,
                  | have 52).
  1512 | D:2      | 1512 ||| SHOPLISTING ring of the Tortoise {AC+8} (1536
                  | gold, have 52).
  1527 | D:2      | 1527 ||| SHOPLISTING dyed leather armour (165 gold, have
                  | 52).
  1527 | D:2      | 1527 ||| SHOPLISTING glowing ring mail (231 gold, have 52).
  1527 | D:2      | 1527 ||| SHOPLISTING masterwork leather armour (231 gold,
                  | have 52).
  1527 | D:2      | 1527 ||| SHOPLISTING runed chain mail (247 gold, have 52).
  1527 | D:2      | 1527 ||| SHOPLISTING runed scarf (264 gold, have 52).
  1535 | D:2      | Found a faded altar of an unknown god.
  1574 | D:2      | Found Desoom's Jewellery Boutique.
  1577 | D:2      | 1577 ||| SHOPLISTING +6 ring of strength (432 gold, have
                  | 52).
  1577 | D:2      | 1577 ||| SHOPLISTING amulet of guardian spirit (360 gold,
                  | have 52).
  1577 | D:2      | 1577 ||| SHOPLISTING amulet of reflection (360 gold, have
                  | 52).
  1577 | D:2      | 1577 ||| SHOPLISTING ring "Beysocly" {Int+2 Dex+6} (566
                  | gold, have 52).
  1577 | D:2      | 1577 ||| SHOPLISTING ring of ice (300 gold, have 52).
  1577 | D:2      | 1577 ||| SHOPLISTING ring of protection from cold (300
                  | gold, have 52).
  1577 | D:2      | 1577 ||| SHOPLISTING ring of protection from fire (300
                  | gold, have 52).
  1577 | D:2      | 1577 ||| SHOPLISTING ring of resist corrosion (240 gold,
                  | have 52).
  1577 | D:2      | 1577 ||| SHOPLISTING ring of see invisible (180 gold, have
                  | 52).
  1809 | D:2      | 1809 ||| DROPPING ring of flight.
  1810 | D:2      | 1810 ||| READING scroll labelled TUFITT SEIS.
  1811 | D:2      | 1811 ||| DRINKING 2 fizzy cyan potions.
  1812 | D:2      | 1812 ||| DROPPING potion of brilliance.
  1853 | D:3      | 1853 ||| STAIRDANCE
  1903 | D:3      | 1903 ||| STAIRDANCE
  2010 | D:3      | Noticed Pargi
  2020 | D:3      | Killed Pargi
  2021 | D:3      | Reached skill level 4 in Axes
  2021 | D:3      | Reached XP level 4. HP: 25/28 MP: 4/4
  2021 | D:3      | Reached XP level 5. HP: 29/32 MP: 5/5
  2069 | D:3      | Found a sparkling altar of Nemelex Xobeh.
  2424 | D:3      | Found a stormy altar of Qazlal.
  2859 | D:3      | 2859 ||| Stepping ~*~*~tactically~*~*~ (stealth).
  2865 | D:3      | Reached skill level 5 in Axes
  3105 | D:3      | 3105 ||| UPGRADING to +0 plate armour.
  3115 | D:3      | 3115 ||| DROPPING +0 scale mail.
  3116 | D:3      | 3116 ||| READING scroll labelled AMEGRE CUNIV.
  3247 | D:4      | Found a staircase to the Ecumenical Temple.
  3248 | D:4      | 3248 ||| PLANNING SEWER
  3505 | D:4      | 3505 ||| Stepping ~*~*~tactically~*~*~ (stealth).
  3609 | D:4      | Found a shimmering altar of Xom.
  3614 | D:4      | Reached XP level 6. HP: 38/38 MP: 6/6
  3624 | D:4      | 3624 ||| Stepping ~*~*~tactically~*~*~ (hiding).
  3641 | D:4      | 3641 ||| Stepping ~*~*~tactically~*~*~ (hiding).
  3732 | D:4      | 3732 ||| Stepping ~*~*~tactically~*~*~ (stealth).
  3782 | D:4      | 3782 ||| Stepping ~*~*~tactically~*~*~ (stealth).
  3784 | D:4      | 3784 ||| Stepping ~*~*~tactically~*~*~ (stealth).
  3786 | D:4      | 3786 ||| Stepping ~*~*~tactically~*~*~ (hiding).
  3797 | D:4      | Reached skill level 6 in Axes
  3918 | D:4      | 3918 ||| RIP SEWER
  4073 | D:4      | 4073 ||| PLANNING TEMPLE
  4073 | D:4      | 4073 ||| UPGRADING to amulet of reflection.
  4078 | D:4      | 4078 ||| UPGRADING to ring of positive energy.
  4079 | D:4      | 4079 ||| READING scroll labelled CAVVEA KUYSA.
  4080 | D:4      | 4080 ||| READING scroll labelled WAF DIL AFOF.
  4081 | D:4      | 4081 ||| READING scroll labelled FINUNG CYHUAT.
  4082 | D:4      | 4082 ||| DRINKING 3 coppery potions.
  4083 | D:4      | 4083 ||| DRINKING 2 black potions.
  4140 | D:4      | 4140 ||| READING 2 scrolls of identify.
  4140 | D:4      | 4140 ||| IDENTIFYING metallic sapphire potion
  4141 | D:4      | 4141 ||| DROPPING potion of berserk rage.
  4198 | Temple   | Entered the Ecumenical Temple
  4203 | Temple   | 4203 ||| PLANNING OKAWARU WORSHIP
  4214 | Temple   | Became a worshipper of Warmaster Okawaru
  4215 | Temple   | 4215 ||| PLANNING D:1-11
  4334 | D:5      | Entered Level 5 of the Dungeon
  4393 | D:5      | Noticed a water moccasin
  4403 | D:5      | Killed a water moccasin
  4404 | D:5      | Reached XP level 7. HP: 37/43 MP: 7/7
  4447 | D:5      | 4447 ||| Stepping ~*~*~tactically~*~*~ (hiding).
  4468 | D:5      | 4468 ||| Stepping ~*~*~tactically~*~*~ (stealth).
  4525 | D:5      | Reached skill level 7 in Axes
  4647 | D:5      | 4647 ||| Stepping ~*~*~tactically~*~*~ (stealth).
  4686 | D:5      | 4686 ||| Stepping ~*~*~tactically~*~*~ (stealth).
  4689 | D:5      | 4689 ||| Stepping ~*~*~tactically~*~*~ (stealth).
  4690 | D:5      | 4690 ||| Stepping ~*~*~tactically~*~*~ (stealth).
  4699 | D:5      | 4699 ||| Stepping ~*~*~tactically~*~*~ (stealth).
  4700 | D:5      | 4700 ||| Stepping ~*~*~tactically~*~*~ (stealth).
  4711 | D:5      | Reached * piety under Okawaru
  4872 | D:5      | Found Koicziuwu's Assorted Antiques.
  4880 | D:5      | 4880 ||| BUYING 2 fizzy clear potions (48 gold).
  4880 | D:5      | Bought 2 fizzy clear potions for 48 gold pieces
  4880 | D:5      | 4880 ||| BUYING potion of might (108 gold).
  4880 | D:5      | Bought a potion of might for 108 gold pieces
  4880 | D:5      | 4880 ||| BUYING scroll labelled NUORIO SAKO (27 gold).
  4880 | D:5      | Bought a scroll labelled NUORIO SAKO for 27 gold pieces
  5004 | D:5      | 5004 ||| UPGRADING to +1 cloak.
  5009 | D:5      | 5009 ||| UPGRADING to +4 ring of protection.
  5010 | D:5      | 5010 ||| READING 2 scrolls labelled NUORIO SAKO.
  5011 | D:5      | 5011 ||| READING scroll labelled TIONAPNU ANUAR.
  5012 | D:5      | 5012 ||| DRINKING 2 fizzy clear potions.
  5013 | D:5      | 5013 ||| DROPPING scroll of summoning.
  5041 | D:6      | 5041 ||| DROPPING +0 whip.
  5054 | D:6      | 5054 ||| Stepping ~*~*~tactically~*~*~ (hiding).
  5070 | D:6      | 5070 ||| INVOKING Heroism.
  5077 | D:6      | Reached skill level 1 in Invocations
  5127 | D:6      | 5127 ||| INVOKING Heroism.
  5144 | D:6      | Reached skill level 1 in Dodging
  5144 | D:6      | Reached XP level 8. HP: 33/49 MP: 6/8
  5267 | D:6      | 5267 ||| INVOKING Heroism.
  5376 | D:6      | 5376 ||| INVOKING Heroism.
  5382 | D:6      | Reached skill level 1 in Throwing
  5443 | D:6      | 5443 ||| INVOKING Heroism.
  5480 | D:6      | 5480 ||| INVOKING Heroism.
  5514 | D:6      | 5514 ||| INVOKING Heroism.
  5812 | D:6      | 5812 ||| INVOKING Heroism.
  6046 | D:6      | 6046 ||| INVOKING Heroism.
  6059 | D:6      | 6059 ||| INVOKING Heroism.
  6062 | D:6      | Reached skill level 8 in Axes
  6094 | D:6      | 6094 ||| FLEEEEING.
  6095 | D:6      | 6095 ||| FLEEEEING.
  6096 | D:6      | 6096 ||| FLEEEEING.
  6097 | D:6      | 6097 ||| FLEEEEING.
  6098 | D:6      | 6098 ||| FLEEEEING.
  6099 | D:6      | 6099 ||| FLEEEEING.
  6100 | D:6      | 6100 ||| FLEEEEING.
  6103 | D:6      | 6103 ||| FLEEEEING.
  6104 | D:6      | 6104 ||| FLEEEEING.
  6105 | D:6      | 6105 ||| FLEEEEING.
  6106 | D:6      | 6106 ||| FLEEEEING.
  6107 | D:6      | 6107 ||| FLEEEEING.
  6108 | D:6      | 6108 ||| FLEEEEING.
  6109 | D:6      | 6109 ||| FLEEEEING.
  6110 | D:6      | 6110 ||| FLEEEEING.
  6111 | D:6      | 6111 ||| FLEEEEING.
  6112 | D:6      | 6112 ||| FLEEEEING.
  6156 | D:6      | 6156 ||| FLEEEEING.
  6158 | D:6      | 6158 ||| INVOKING Heroism.
  6325 | D:6      | 6325 ||| INVOKING Heroism.
  6328 | D:6      | Reached skill level 3 in Invocations
  6485 | D:6      | 6485 ||| DROPPING amulet of guardian spirit.
  6486 | D:6      | 6486 ||| UPGRADING to ring of see invisible.
  6488 | D:6      | 6488 ||| READING 3 scrolls of identify.
  6488 | D:6      | 6488 ||| IDENTIFYING purple potion
  6489 | D:6      | 6489 ||| DROPPING potion of invisibility.
  6569 | D:7      | Reached skill level 6 in Fighting
  6607 | D:7      | Found a glowing golden altar of the Shining One.
  6607 | D:7      | Found a white marble altar of Elyvilon.
  6607 | D:7      | Found a glowing silver altar of Zin.
  6634 | D:7      | Noticed a hornet
  6645 | D:7      | 6645 ||| INVOKING Heroism.
  6653 | D:7      | Killed a hornet
  6654 | D:7      | Reached XP level 9. HP: 25/55 MP: 8/12
  6833 | D:7      | 6833 ||| INVOKING Heroism.
  7183 | D:7      | Noticed qw's ghost (novice GrFi)
  7186 | D:7      | Noticed a two-headed ogre
  7188 | D:7      | Found a bloodstained altar of Trog.
  7189 | D:7      | Noticed a moth of wrath
  7192 | D:7      | Found a transporter.
  7224 | D:7      | 7224 ||| Stepping ~*~*~tactically~*~*~ (hiding).
  7227 | D:7      | Found a flagged portal.
  7228 | D:7      | 7228 ||| INVOKING Heroism.
  7335 | D:7      | Found a transporter.
  7492 | D:7      | 7492 ||| INVOKING Heroism.
  7764 | D:7      | 7764 ||| DRINKING 2 potions of curing.
  7764 | D:7      | 7764 ||| (to cure confusion)
  7798 | D:7      | 7798 ||| READING 2 scrolls of identify.
  7798 | D:7      | 7798 ||| IDENTIFYING viscous white potion
  8013 | D:8      | Found a snail-covered altar of Cheibriados.
  8037 | D:8      | Found a shadowy altar of Dithmenos.
  8054 | D:8      | 8054 ||| INVOKING Heroism.
  8085 | D:8      | Noticed a five-headed hydra
  8086 | D:8      | Found Ashry's Hydra Hut.
  8090 | D:8      | 8090 ||| BUYING +0 hand axe of flaming (103 gold).
  8090 | D:8      | Bought a +0 hand axe of flaming for 103 gold pieces
  8090 | D:8      | 8090 ||| DROPPING +0 flail.
  8113 | D:8      | 8113 ||| Stepping ~*~*~tactically~*~*~ (stealth).
  8115 | D:8      | 8115 ||| Stepping ~*~*~tactically~*~*~ (hiding).
  8127 | D:8      | 8127 ||| INVOKING Heroism.
  8198 | D:8      | Noticed Amaemon
  8198 | D:8      | Noticed an orange demon
  8199 | D:8      | 8199 ||| INVOKING Heroism.
  8210 | D:8      | HP: 13/55 [constriction (9)]
  8211 | D:8      | HP: 4/55 [Amaemon/-2 demon whip of venom (3)]
  8221 | D:8      | Slain by Amaemon

Levels and vault maps discovered:
D:1:      arrival_aquarium_a, layout_basic
D:2:      layout_rooms, serial_corexii_hall, corexii_hall_statues_i,
          corexii_hall_statues_deadend, corexii_hall_statues_x,
          chequers_hall_statues_corner_a, chequers_hall_statues_wall_a,
          corexii_hall_statues_x, serial_shops, nicolae_shop_window_shopping,
          nicolae_shop_behind_doors, nicolae_shop_crystal, shop,
          nicolae_shop_statue_plus, ebering_ecumenical_altar_mist
D:3:      layout_basic, nicolae_qazlal_eye_of_the_storm,
          lemuel_coloured_pillars_altar, uniq_pargi
D:4:      layout_cave_pools, led_xom_imps, temple_fountains,
          lightli_sewer_entry_pipes
D:5:      layout_rooms, serial_shops, nicolae_stop_n_shop_1, minmay_holes
D:6:      minmay_goblin_kobold_castle, layout_rooms, nicolae_sextant,
          kennysheep_generic_room_15
D:7:      layout_layer_cave, good_gods_mini_temple,
          gammafunk_ghost_wrathful_warriors, enter_bailey_5, nrook_campfire
D:8:      layout_loops_corners, kennysheep_mini_moat,
          grunt_dithmenos_smoke_and_mirrors, kennysheep_donut,
          doesnt_shop_hydraphobe, uniq_amaemon
Temple:   hellmonk_temple_rainy

Skill      XL: |  1  2  3  4  5  6  7  8  9 |
---------------+----------------------------+-----
Axes           | 2 3 4 5 6 7 8 |  8.8
Fighting       | 4 5 6 |  6.0
Armour         | 4 5 |  5.3
Invocations    | 1 4 |  4.2
Dodging        | 1 |  1.0
Throwing       | 1 |  1.4
Shields        | |  3.2

Action                   |  1- 3 |  4- 6 |  7- 9 || total
-------------------------+-------+-------+-------++-------
Melee: War axe           |   102 |   135 |   314 ||   551
Throw: Boomerang         |       |    29 |    58 ||    87
Invok: Heroism           |       |       |    19 ||    19
  Use: Scroll            |     3 |     5 |     4 ||    12
       Potion            |     1 |     2 |     2 ||     5
 Stab: Invisible         |       |     1 |       ||     1
Armor: Scale mail        |    64 |    10 |       ||    74
       Plate armour      |       |    67 |   185 ||   252
Dodge: Dodged            |    48 |    38 |    82 ||   168
Block: Buckler           |    21 |    31 |   157 ||   209
       Reflection        |       |       |     5 ||     5

Table legend:
 A = Non-vault XP
 B = Vault XP
 C = Vault XP percentage of total XP
 D = Non-vault monster count
 E = Vault monster count
 F = Vault count percentage of total count
                 A         B        C        D         E       F
            +---------+---------+-------+---------+---------+-------
      Total |    2383 |     755 |  24.1 |     107 |      75 |  41.2
            +---------+---------+-------+---------+---------+-------
        D:1 |      25 |       0 |   0.0 |      15 |       0 |   0.0
        D:2 |      36 |       0 |   0.0 |      13 |       0 |   0.0
        D:3 |      37 |     138 |  78.9 |      14 |       1 |   6.7
        D:4 |      84 |     288 |  77.4 |      10 |      16 |  61.5
        D:5 |     380 |       0 |   0.0 |      14 |       0 |   0.0
        D:6 |     804 |     321 |  28.5 |      19 |      54 |  74.0
        D:7 |     796 |       8 |   1.0 |      14 |       4 |  22.2
        D:8 |     221 |       0 |   0.0 |       8 |       0 |   0.0
            +---------+---------+-------+---------+---------+-------
